 Dungeon Crawl Stone Soup version 0.31.0-9-g3a7656b989 (webtiles) character file.

Game seed: 7588998714593847584

72 qw the Shooter (level 4, -1/22 HPs)
             Began as a Spriggan Hunter on Feb 2, 2024.
             Killed from afar by a crimson imp (7 damage)
             ... with a puff of flame
             ... on level 3 of the Dungeon.
             The game lasted 00:00:05 (1570 turns).

qw the Shooter (Spriggan Hunter)                    Turns: 1570, Time: 00:00:06

Health: -1/22      AC:  2    Str:  7    XL:     4   Next: 6%
Magic:  5/5        EV: 19    Int: 10    God:
Gold:   99         SH:  0    Dex: 20    Spells: 3/3 levels left

rFire   . . .        a - +2 shortbow
rCold   . . .        (shield currently unavailable)
rNeg    . . .        c - +0 robe
rPois   .            (helmet restricted)
rElec   .            (no cloak)
rCorr   .            (gloves unavailable)
SInv    +            (boots unavailable)
Will    .....        (no amulet)
Stlth   ++           (no ring)
HPRegen 0.23/turn    (no ring)
MPRegen 0.09/turn

%: no passive effects
@: very quick
A: very small, no large weapons, unfitting armour, see invisible, speed 3
a: no special abilities


You were on level 3 of the Dungeon.
You visited 1 branch of the dungeon, and saw 3 of its levels.

You collected 99 gold pieces.


Innate Abilities, Weirdness & Mutations

You are very small and have problems with some larger weapons.
You are too small for most types of armour.
You have supernaturally acute eyesight. (SInv)
You cover ground extremely quickly. (Speed+++)


   Skills:
 - Level 1.5 Fighting
 - Level 5.0 Ranged Weapons
 + Level 4.3 Dodging
 - Level 1.5 Stealth


You had 3 spell levels left.
You didn't know any spells.
Your spell library was empty.

Inventory:

Hand Weapons
 a - a +2 shortbow (weapon)
Armour
 c - a +0 robe (worn)
Potions
 b - 2 potions of attraction {unknown}
 e - a potion of curing
 f - a potion of enlightenment

Dungeon Overview and Level Annotations

Branches:
Dungeon (3/15)

Altars:
Makhleb
Qazlal
Vehumet
Zin

Shops:
D:3 (:


Message History

You shoot an arrow.
The arrow barely misses the crimson imp.
The crimson imp barely misses you.
You shoot an arrow.
The arrow barely misses the crimson imp.
The crimson imp completely misses you.
The crimson imp shouts, "Accept thy fall, thou weedy hasty-witted slime mould!"
The crimson imp zaps a wand.
The puff of flame misses you.
You shoot an arrow.
The arrow completely misses the crimson imp.
The crimson imp blinks!
You shoot an arrow.
The arrow hits the crimson imp but does no damage.
The crimson imp blinks!
There is an open door here.
You shoot an arrow.
The arrow barely misses the crimson imp.
The crimson imp blinks!
You shoot an arrow.
The arrow closely misses the crimson imp.
The crimson imp zaps a wand.
The puff of flame hits you!
You shoot an arrow.
The arrow barely misses the crimson imp.
The crimson imp blinks!
You shoot an arrow. The arrow misses the crimson imp.
The crimson imp zaps a wand.
The puff of flame hits you!
You shoot an arrow.
The arrow barely misses the crimson imp.
You shoot an arrow.
The arrow closely misses the crimson imp.
The crimson imp zaps a wand.
The puff of flame misses you. The crimson imp hits you.
You shoot an arrow. The arrow hits the crimson imp.
The crimson imp is lightly wounded.
The crimson imp closely misses you.
You shoot an arrow.
The arrow hits the crimson imp but does no damage.
The crimson imp is lightly wounded.
The crimson imp zaps a wand.
The puff of flame hits you!
You die...

#...#.#
#............#
#.###.#
##.#########.#
#.#...# #.# #.#
...._.# ####.####
... #.#.[.###
#.......# ....
#.###...# #.##.##.#
....# #...#.#.# #
#.##.# ...#
###.#.#.###.##.#..#
...#
......#.....##%#@##
.........##...##5#
########## ##.$.
..... ##_._## #####


You could see a crimson imp.

Vanquished Creatures
  An adder (D:2)
  2 dart slugs
  A ribbon worm (D:2)
  6 bats
  4 endoplasms
  2 giant cockroaches (D:1)
  9 goblins
  5 hobgoblins
  3 jackals (D:3)
  3 quokkas
  2 ball pythons (D:1)
  3 frilled lizards (D:1)
  3 kobolds
  10 rats
54 creatures vanquished.

Notes
Turn   | Place    | Note
-------+----------+-------------------------------------------
     0 | D:1      | qw the Spriggan Hunter began the quest for the Orb.
     0 | D:1      | Reached XP level 1. HP: 10/10 MP: 2/2
     0 | D:1      | 0 ||| qw: Version: 0.3-a-155-g5e7d8dd
     0 | D:1      | 0 ||| qw: Game counter: 1424
     0 | D:1      | 0 ||| qw: Melee chars always use a shield: true
     0 | D:1      | 0 ||| qw: God list: Okawaru
     0 | D:1      | 0 ||| qw: Allow faded altars: false
     0 | D:1      | 0 ||| qw: Do Orc after clearing Dungeon:15 true
     0 | D:1      | 0 ||| qw: Do second Lair branch before Depths: true
     0 | D:1      | 0 ||| qw: Lair rune preference: random
     0 | D:1      | 0 ||| qw: Goals: Normal
     0 | D:1      | 0 ||| PLANNING D:1-11
    26 | D:1      | Reached skill level 3 in Dodging
   101 | D:1      | Reached XP level 2. HP: 14/14 MP: 3/3
   628 | D:1      | 628 ||| DROPPING +6 ring of intelligence.
   629 | D:1      | 629 ||| READING scroll labelled QUFILA PUIDUJ.
   629 | D:1      | 629 ||| IDENTIFYING dark potion
   630 | D:1      | 630 ||| DRINKING 2 green potions.
   631 | D:1      | 631 ||| DRINKING 2 viscous cyan potions.
   632 | D:1      | 632 ||| DROPPING scroll of butterflies.
   633 | D:1      | 633 ||| DROPPING potion of degeneration.
   693 | D:2      | Reached XP level 3. HP: 18/18 MP: 4/4
   694 | D:2      | Found a faded altar of an unknown god.
  1104 | D:2      | Reached skill level 5 in Ranged Weapons
  1244 | D:2      | 1244 ||| READING scroll labelled CUBEAN KOERIPT.
  1244 | D:2      | 1244 ||| ENCHANTING +0 shortbow.
  1245 | D:2      | 1245 ||| READING scroll labelled OSMOSI IMONO.
  1262 | D:3      | Found Qeguer's Book Boutique.
  1262 | D:3      | Found Mybruaj's Weapon Shop.
  1281 | D:3      | 1281 ||| SHOPLISTING +3 orcbow "Zunuck" {heavy, Str+3 SInv}
                  | (465 gold, have 70).
  1329 | D:3      | Reached XP level 4. HP: 15/22 MP: 5/5
  1362 | D:3      | Found a stormy altar of Qazlal.
  1386 | D:3      | Found a glowing silver altar of Zin.
  1482 | D:3      | 1482 ||| READING scroll of enchant weapon.
  1482 | D:3      | 1482 ||| ENCHANTING +1 shortbow.
  1553 | D:3      | Found a burning altar of Makhleb.
  1553 | D:3      | Found a radiant altar of Vehumet.
  1568 | D:3      | HP: 5/22 [crimson imp (2)]
  1570 | D:3      | Killed from afar by a crimson imp

Levels and vault maps discovered:
D:1:      doesnt_arrival_eight_statues, layout_loops_cross
D:2:      layout_loops_ring, dreamdust_ecumenical_altar_grove
D:3:      layout_loops_cross, grunt_temple_overflow_lords_of_destruction,
          mainiacjoe_overflow_large_starburst, serial_shops, nicolae_shop_trees,
          nicolae_shop_trees, minmay_misc_feat_pillars, minmay_crystal_water,
          nicolae_concentric_dashed_squares_mild, supply_closet_lemuel,
          uniq_ijyb

Skill      XL: |  1  2  3 |
---------------+----------+-----
Dodging        | 3 4 |  4.3
Ranged Weapons | 5 |  5.0
Fighting       | |  1.5
Stealth        | |  1.5

Action                     |  1- 3 |  4- 6 || total
---------------------------+-------+-------++-------
   Fire: Shortbow          |   120 |    24 ||   144
    Use: Potion            |     2 |       ||     2
         Scroll            |     3 |     1 ||     4
 Armour: Robe              |    14 |     4 ||    18
  Dodge: Dodged            |    36 |     5 ||    41

Table legend:
 A = Non-vault XP
 B = Vault XP
 C = Vault XP percentage of total XP
 D = Non-vault monster count
 E = Vault monster count
 F = Vault count percentage of total count
                 A         B        C        D         E       F
            +---------+---------+-------+---------+---------+-------
      Total |     103 |       0 |   0.0 |      54 |       0 |   0.0
            +---------+---------+-------+---------+---------+-------
        D:1 |      39 |       0 |   0.0 |      24 |       0 |   0.0
        D:2 |      46 |       0 |   0.0 |      19 |       0 |   0.0
        D:3 |      18 |       0 |   0.0 |      11 |       0 |   0.0
            +---------+---------+-------+---------+---------+-------
